[Event "Late-Titled-Tuesday-Blitz-April-30-2024"]
[Site "Chess.com"]
[Date "2024.04.30"]
[Round "4"]
[White "Sl4werThanYou"]
[Black "kemelgallo"]
[Result "0-1"]
[WhiteElo "2786"]
[BlackElo "2607"]
[TimeControl "180+1"]
[EndTime "14:41:33 PDT"]
[Termination "kemelgallo won by checkmate"]

1. e4 e5 2. Nf3 Nc6 3. Bc4 Bc5 4. c3 Nf6 5. d3 d6 6. Bg5 h6 7. Bh4 g5 8. Bg3 Qe7 9. Nbd2 a5 10. Nf1 O-O 11. Ne3 Bxe3 12. fxe3 Be6 13. Bxe6 fxe6 14. Qe2 Kg7 15. O-O-O b5 16. d4 Rab8 17. dxe5 Nxe4 18. exd6 cxd6 19. Nd4 Rfc8 20. Nxc6 Rxc6 21. Qf3 Rc4 22. Rd4 Nxg3 23. hxg3 Rf8 24. Qh5 Rf6 25. Rxc4 bxc4 26.
Qg4 d5 27. e4 Qc5 28. exd5 Qe3+ 29. Kb1 Qd3+ 30. Kc1 Qe3+ 31. Kb1 Qd3+ 32. Kc1 Rf2 33. Qd1 Qe3+ 34. Kb1 Rd2 35. Qh5 Qd3+ 36. Ka1 Qg6 37. Qxg6+ Kxg6 38. dxe6 Re2 39. b3 cxb3 40. axb3 Rxe6 41.
Kb2 Re2+ 42. Ka3 Rxg2 43. c4 Rxg3 44. c5 Rc3 45. Ka4 Rxc5 46. Re1 Rd5 47. Re6+ Kh5 48.
Re4 g4 49. Rd4 Rxd4+ 50. Kxa5 Rd3 51. b4 Rd4 52. b5 Rd5 53. Kb4 Rxb5+ 54. Kxb5 g3 55. Kc4 g2 56. Kd3 g1=Q 57. Ke4 Qg4+ 58. Ke5 Kg5 59. Kd6 h5 60. Ke7 h4 61. Kf8 h3 62. Kg7 h2 63. Kg8 h1=Q 64. Kg7 Qd7+ 65. Kg8 Qa8# 0-1

[Event "Late-Titled-Tuesday-Blitz-April-30-2024"]
[Site "Chess.com"]
[Date "2024.04.30"]
[Round "4"]
[White "rhwr"]
[Black "cristianserban1"]
[Result "1/2-1/2"]
[WhiteElo "2283"]
[BlackElo "2492"]
[TimeControl "180+1"]
[EndTime "14:41:33 PDT"]
[Termination "Game drawn by stalemate"]

1. e4 c5 2. Be2 Nc6 3. f4 g6 4. Nf3 Bg7 5. O-O e6 6. c3 Nge7 7. d4 cxd4 8. cxd4 d5 9. e5 Nf5 10. Na3 Bd7 11. g4 Nh4 12. Nb5 O-O 13. Nd6 Nxf3+ 14.
Rxf3 Qb6 15. Be3 f6 16. Qd2 g5 17. Kg2 gxf4 18. Rxf4 fxe5 19. dxe5 Qc7 20. Rxf8+ Rxf8 21. Bf4 Bxe5 22. Bxe5 Nxe5 23. Nb5 Bxb5 24. Bxb5 Ng6 25. Rf1 Nh4+ 26. Kh3 Rxf1 27. Qg5+ Qg7 28. Qxg7+ Kxg7 29. Bxf1 Nf3 30. Kg3 Nd2 31. Bd3 e5 32. Kf2 e4 33.
Bb5 d4 34. Ke2 e3 35. Bd3 h6 36. h4 Kf6 37. b4 b6 38. a4 a5 39. bxa5 bxa5 40.
Bc2 Ke5 41. g5 hxg5 42. hxg5 Nc4 43. g6 Kf6 44. Kd3 Na3 45. Bd1 Kxg6 46. Kxd4 Kf5 47. Kxe3 Ke5 48. Kd3 Kd5 49. Kc3 Kc5 50. Kb3 Nc4 51.
Be2 Nb6 52. Bb5 Nd5 53. Ka3 Nb4 54. Kb3 Nd5 55. Ka3 Nc7 56. Kb3 Nxb5 57. axb5 Kxb5 58. Ka3 a4 59. Ka2 Ka5 60. Ka1 Kb4 61. Kb1 a3 62. Ka1 Ka4 63. Kb1 Kb4 64. Ka1 Kb3 65. Kb1 a2+ 66. Ka1 Ka3 1/2-1/2

[Event "Late-Titled-Tuesday-Blitz-April-30-2024"]
[Site "Chess.com"]
[Date "2024.04.30"]
[Round "4"]
[White "NowInChess"]
[Black "Casper"]
[Result "0-1"]
[WhiteElo "2261"]
[BlackElo "2494"]
[TimeControl "180+1"]
[EndTime "14:41:34 PDT"]
[Termination "Casper won on time"]

1. e4 d5 2. exd5 Nf6 3. Bb5+ Bd7 4. Be2 Nxd5 5. d4 g6 6. Nf3 Bg7 7. c4 Nf6 8. Nc3 O-O 9. O-O Bg4 10. h3 Bxf3 11.
Bxf3 c6 12. Be3 Nbd7 13. Qb3 Qc8 14. Rfd1 Re8 15. Rac1 e5 16. d5 e4 17. dxc6 Qxc6 18. Be2 Nc5 19. Qb5 Nfd7 20. Qxc6 bxc6 21. b4 Nd3 22. Bxd3 exd3 23. Rxd3 Ne5 24. Rd6 Nxc4 25. Rxc6 Nxe3 26. fxe3 Rxe3 27. Nd5 Re2 28. R1c2 Bd4+ 29. Kf1 Re5 30. Rc8+ Rxc8 31. Rxc8+ Kg7 32. Nc7 Rf5+ 33. Ke2 Rf2+ 34. Kd3 Bb6 35. Nd5 Rxa2 36. Nxb6 axb6 37. Rc6 Rxg2 38. Rxb6 Rg3+ 39. Kc4 Rxh3 40. b5 Rh1 41. Rd6 Rc1+ 42. Kd5 h5 43. b6 h4 44. b7 Rb1 45. Kc6 g5 46. Rd5 Rxb7 47. Rxg5+ Kh6 48. Rg4 Re7 49. Rxh4+ Kg5 50. Rh7 Kg6 51. Rh8 f5 52. Rf8 Re1 53. Kd5 Kg5 54. Kd4 Kg4 55. Rg8+ Kf3 56.
Kd3 Rd1+ 57. Kc2 Rd7 58. Rh8 f4 59. Rh3+ Kg2 60. Rb3 f3 61. Kc1 f2 62. Rb2 Kg1 0-1

[Event "Late-Titled-Tuesday-Blitz-April-30-2024"]
[Site "Chess.com"]
[Date "2024.04.30"]
[Round "4"]
[White "NajdorfPlayerc5"]
[Black "prxcess_brownie"]
[Result "1-0"]
[WhiteElo "2469"]
[BlackElo "2185"]
[TimeControl "180+1"]
[EndTime "14:41:34 PDT"]
[Termination "NajdorfPlayerc5 won by resignation"]

1. e4 c5 2. Nf3 Nc6 3. d4 cxd4 4. Nxd4 g6 5. c4 Bg7 6. Be3 Nf6 7. Nc3 O-O 8. Be2 d6 9. O-O Bd7 10. h3 Nxd4 11.
Bxd4 Bc6 12. Qc2 Nd7 13. Bxg7 Kxg7 14. Rad1 Rc8 15. Bg4 b6 16. b3 b5 17. cxb5 Bxb5 18. Rfe1 Qa5 19. Re3 Rc7 20. Qb2 Nf6 21. b4 Qa6 22. a4 Bc4 23. Nd5 Bxd5 24. exd5 Qxa4 25. Rde1 Re8 26. Bd1 Qb5 27. Ra3 Qxd5 28. Ba4 Rb8 29.
Rae3 e5 30. Rd1 Qe6 31. Bb3 Rxb4 32. Qa3 Rxb3 33. Rxb3 d5 34. Rb8 Ne8 35. Qa4 Nd6 36. Qa5 Rb7 37. Rxb7 Nxb7 38. Qxa7 Nd6 39. Qc5 d4 40. f4 Ne4 41. Qxe5+ Qxe5 42. fxe5 f6 43. exf6+ Kxf6 44. Rxd4 Kf5 45. g4+ Ke5 46. Rd7 h5 47. gxh5 gxh5 48. Kg2 Nf6 49. Ra7 Nd5 50. Ra5 Ke4 51.
Kg3 Nf6 52. Kh4 Ke3 53. Rf5 Ke4 54. Rxf6 Ke5 55. Rh6 Ke4 56. Rxh5 Ke3 57. Rg5 Ke2 58. Kg4 Kd3 59. h4 Kc4 60. h5 1-0

[Event "Late-Titled-Tuesday-Blitz-April-30-2024"]
[Site "Chess.com"]
[Date "2024.04.30"]
[Round "4"]
[White "super_emi_26"]
[Black "Valiyev_Shahin"]
[Result "1-0"]
[WhiteElo "2761"]
[BlackElo "2560"]
[TimeControl "180+1"]
[EndTime "14:41:37 PDT"]
[Termination "super_emi_26 won by resignation"]

1. b3 d5 2. Bb2 Nf6 3. e3 e6 4. f4 Be7 5. Nf3 b6 6. g3 Ba6 7. Bg2 O-O 8. d3 Ng4 9. Qe2 Bf6 10. Ne5 Bxe5 11. fxe5 Qg5 12. Nc3 Qxe3 13. Bf3 Qxe2+ 14. Nxe2 Ne3 15. Kd2 Nf5 16. c4 c6 17. Rac1 Nd7 18.
cxd5 cxd5 19. b4 Rac8 20. a4 Rxc1 21. Rxc1 Rc8 22. Rxc8+ Bxc8 23. Bg4 Ne7 24. d4 Nc6 25. Bc3 f5 26. exf6 Nxf6 27. Bf3 Kf7 28. b5 Nd8 29. Nf4 Ne4+ 30. Bxe4 dxe4 31. Ke3 Bb7 32. Bb4 g6 33. Bd6 Ke8 34. Bb8 Kd7 35. Bxa7 Kc7 36.
Ne2 Bd5 37. a5 bxa5 38. Nc3 Nb7 39. Bc5 Nd6 40. Bxd6+ Kxd6 41. Na4 Bb3 42. Nc5 a4 43. b6 Bc2 44. b7 Kc7 45. Kd2 Bb3 46. Nxe4 Kxb7 47.
Kc3 Kc6 48. Ng5 h6 49. Nf7 h5 50. Ne5+ Kd5 51. Nxg6 Ke4 52. Nf4 Bd5 53. Nxh5 a3 54. Nf6+ Ke3 55. Nxd5+ exd5 56. h4 a2 57. Kb2 Kxd4 58.
h5 Ke5 59. Kxa2 Ke4 60. h6 d4 61. h7 d3 62. h8=Q d2 63. Qh1+ Ke3 64. Qd1 1-0

[Event "Late-Titled-Tuesday-Blitz-April-30-2024"]
[Site "Chess.com"]
[Date "2024.04.30"]
[Round "4"]
[White "King_Deded4d5"]
[Black "ahkashefi2800"]
[Result "0-1"]
[WhiteElo "2455"]
[BlackElo "2592"]
[TimeControl "180+1"]
[EndTime "14:41:37 PDT"]
[Termination "ahkashefi2800 won by resignation"]

1. d4 d5 2. Nf3 Nf6 3. c3 Bf5 4. Qb3 Qc8 5. c4 c6 6. Nc3 e6 7. Bf4 Nbd7 8. cxd5 exd5 9. h3 Be7 10. Rc1 O-O 11. g4 Bg6 12. Ne5 a5 13. h4 Nxe5 14. dxe5 Nxg4 15. Nxd5 cxd5 16. Rxc8 Raxc8 17. Bh3 Bb4+ 18. Kf1 h5 19. f3 Bc2 20. Qxd5 Rfd8 21. Qxb7 Rb8 22.
Qa6 Rd1+ 23. Kg2 Rxh1 24. Kxh1 Nf2+ 25. Kg2 Nxh3 26. Kxh3 Bf5+ 27. Kg3 Be6 28. b3 Be1+ 29. Kg2 Bxh4 30. Qxa5 Bd8 31. Qa7 Rc8 32. Qd4 h4 33.
Qd3 h3+ 34. Kg3 Bb6 35. Be3 Ba5 36. a3 Rc3 37. Qd2 Bxb3 38. Kxh3 Be6+ 39. Kg2 Rxa3 40.
Qd6 Rxe3 41. Qc5 Rxe2+ 42. Kf1 Re1+ 43. Kf2 Bd2 44. Qc2 Bb4 45. Qb2 Ba5 46. Qb5 Ra1 47. f4 Ra2+ 48. Kf3 Ra3+ 49. Kf2 g6 50. Qb2 Ra2 51.
Qxa2 Bxa2 52. Kg3 0-1

[Event "Late-Titled-Tuesday-Blitz-April-30-2024"]
[Site "Chess.com"]
[Date "2024.04.30"]
[Round "4"]
[White "sergiochess83"]
[Black "DuleMudule"]
[Result "1-0"]
[WhiteElo "2911"]
[BlackElo "2780"]
[TimeControl "180+1"]
[EndTime "14:41:39 PDT"]
[Termination "sergiochess83 won on time"]

1. d4 d5 2. c4 Bf5 3. cxd5 Bxb1 4. Rxb1 Qxd5 5. Nf3 Nc6 6. a3 O-O-O 7. e3 e5 8.
Be2 exd4 9. exd4 Qe4 10. Be3 Nf6 11. O-O Ng4 12. Bg5 Nf6 13. Re1 Nxd4 14. Nxd4 Qxd4 15. Qc2 Qc5 16. Rbc1 Qxc2 17. Rxc2 Bd6 18. Bf3 Rde8 19. Rd1 Ne4 20. Be3 Kb8 21. g3 f5 22. Rc4 Re7 23.
b4 Rhe8 24. a4 h6 25. b5 g5 26.
a5 g4 27. Bg2 h5 28. b6 a6 29. Rd5 Re5 30. Bxe4 fxe4 31. bxc7+ Bxc7 32. Rd7 Bxa5 33. Bf4 Ka7 34. Bxe5 Rxe5 35. Rcd4 e3 36. fxe3 Bb6 37. R4d5 Rxe3 38. Kf1 Rf3+ 39. Ke2 h4 40. Rg5 hxg3 41. hxg3 Re3+ 42. Kd1 Rxg3 43. Rgg7 a5 44. Rxb7+ Ka6 45. Rbd7 Rg1+ 46. Kc2 g3 47. Rg6 Rg2+ 48. Kb3 Rg1 49. Rdd6 Rb1+ 50. Kc2 Rb4 51. Rxg3 a4 52. Rgd3 Kb5 53.
R3d5+ Bc5 54. Rf5 Rc4+ 55. Kd3 a3 56. Rb6+ Kxb6 57. Kxc4 1-0

[Event "Late-Titled-Tuesday-Blitz-April-30-2024"]
[Site "Chess.com"]
[Date "2024.04.30"]
[Round "4"]
[White "Cambek64"]
[Black "QuintilianoR"]
[Result "0-1"]
[WhiteElo "2529"]
[BlackElo "2710"]
[TimeControl "180+1"]
[EndTime "14:41:39 PDT"]
[Termination "QuintilianoR won on time"]

1. b3 c5 2. Bb2 Nc6 3. e4 e5 4.
Nf3 d6 5. Bb5 Ne7 6. O-O g6 7.
c4 Bg7 8. Nc3 O-O 9. Bxc6 Nxc6 10. Nd5 f5 11. exf5 Bxf5 12. Ne1 Ne7 13. Ne3 Be6 14.
d3 Qd7 15. Nf3 Bh6 16. Nd2 Nf5 17. Qe1 Nd4 18. Qd1 Qe7 19. Ne4 Rad8 20. Bc1 Bg7 21.
f3 Nf5 22. Bd2 b6 23. Qe1 Nd4 24. b4 d5 25. cxd5 Bxd5 26. bxc5 bxc5 27. Rc1 Bxa2 28. Rxc5 Qb7 29. Qa1 Bf7 30. Rb1 Nb3 31. Qc3 Qb6 32. Rc4 Nxd2 33. Rxb6 Nxc4 34. Nxc4 axb6 35. Ncd6 Bd5 36.
Qb4 Bxe4 37. dxe4 Rf6 38. Qc4+ Kf8 39. Nb5 Rf7 40. Qb4+ Kg8 41. Qc4 Bf8 42. h3 Bc5+ 43. Kh2 Kg7 44. Qe6 Re7 45. Qc4 Be3 46. h4 Bf4+ 47. g3 Be3 48. Kh3 Bc5 49. Nc3 h5 50. Nd5 Ra7 51. f4 exf4 52. Qc3+ Kh6 0-1

[Event "Late-Titled-Tuesday-Blitz-April-30-2024"]
[Site "Chess.com"]
[Date "2024.04.30"]
[Round "4"]
[White "WildTricks"]
[Black "Kopytkin"]
[Result "1-0"]
[WhiteElo "2692"]
[BlackElo "2425"]
[TimeControl "180+1"]
[EndTime "14:41:40 PDT"]
[Termination "WildTricks won on time"]

1. e4 Nf6 2. e5 Nd5 3. d4 d6 4.
c4 Nb6 5. exd6 cxd6 6. Nc3 g6 7. Be3 Bg7 8. Rc1 O-O 9. b3 Bf5 10. g4 Bc8 11. Bg2 Nc6 12. d5 Nb4 13. a3 Na6 14. h3 f5 15. Bd4 Bh6 16. Nge2 Nc5 17. Rb1 Nbd7 18. b4 Ne4 19. Nxe4 fxe4 20. Bxe4 Ne5 21.
Bxe5 dxe5 22. Qd3 a5 23. b5 Qb6 24. O-O Bd7 25. Nc3 Rac8 26. Na4 Qf6 27. c5 Qh4 28. Nb6 Bxg4 29. hxg4 Qxg4+ 30. Bg2 Rxc5 31. Qh3 Qg5 32. Nd7 Rc4 33. Nxf8 Bxf8 34. Rbe1 Rg4 35. Re3 h5 36. Rg3 Bg7 37. Rxg4 hxg4 38. Qe3 Qh4 39. Qe4 Kh7 40. Re1 Bf6 41. Re3 Bg5 42. Re2 Bf4 43. d6 exd6 44. Qxb7+ Kh6 45. Qe4 Qe7 46. b6 d5 47. Qxd5 Qxa3 48. b7 Qc1+ 49. Bf1 Qb1 50. Re1 Qxe1 51. b8=Q g3 52. Qh8+ Kg5 53. Qdd8+ Kg4 54. Qd7+ Kf3 55.
Qa8+ 1-0

[Event "Late-Titled-Tuesday-Blitz-April-30-2024"]
[Site "Chess.com"]
[Date "2024.04.30"]
[Round "4"]
[White "kylelancman"]
[Black "acertijo08"]
[Result "1-0"]
[WhiteElo "2504"]
[BlackElo "2278"]
[TimeControl "180+1"]
[EndTime "14:41:40 PDT"]
[Termination "kylelancman won by resignation"]

1. e4 c5 2. Nf3 d6 3. Bb5+ Bd7 4. Bxd7+ Qxd7 5. c4 Nc6 6. Nc3 g6 7. d4 cxd4 8. Nxd4 Bg7 9. Be3 Nf6 10. f3 O-O 11. O-O a6 12. b3 e6 13. Qd3 d5 14. cxd5 exd5 15. Nxc6 bxc6 16. e5 Ne8 17. Bc5 Bxe5 18.
Bxf8 Kxf8 19. Rae1 Qd6 20. g3 Bxg3 21. Re2 Bf4 22.
Rfe1 Nf6 23. Kh1 Kg7 24. Rd1 Rb8 25. Qxa6 Be5 26. Qd3 Rb4 27. Rde1 Nd7 28. Rd1 Rh4 29. Ne4 Qe6 30. Nd2 Qh3 31. Nf1 Rd4 32. Qc2 Rxd1 33.
Qxd1 f6 34. Rg2 Nc5 35. Ne3 Ne6 36. Ng4 Nf4 37. Rg3 Qh4 38. Nxe5 fxe5 39. Qe1 Qf6 40. Rg4 h5 41. Rg1 d4 42. Qe4 c5 43. Re1 d3 44.
Qxe5 Qxe5 45. Rxe5 d2 46. Re7+ Kf6 47. Rd7 d1=Q+ 48.
Rxd1 Nh3 49. Kg2 Nf4+ 50. Kf1 Ke5 51. a4 Nd5 52. Kf2 Nb4 53. a5 g5 54. Rd8 Nc6 55. Ra8 Kd5 56. a6 Kd6 57. a7 Kc7 58. Rc8+ Kb7 59.
a8=Q+ 1-0

[Event "Late-Titled-Tuesday-Blitz-April-30-2024"]
[Site "Chess.com"]
[Date "2024.04.30"]
[Round "4"]
[White "JustinWang1234"]
[Black "TatjanaVasilevich"]
[Result "1-0"]
[WhiteElo "2996"]
[BlackElo "2618"]
[TimeControl "180+1"]
[EndTime "14:41:42 PDT"]
[Termination "JustinWang1234 won on time"]

1. e4 c5 2. Nf3 Nc6 3. d4 cxd4 4. Nxd4 e5 5. Nb5 d6 6. c4 a6 7. N5c3 Be6 8. Be3 Nf6 9. f3 g6 10. Nd5 Bxd5 11. cxd5 Nd4 12. Nd2 Bg7 13. Nb3 Nd7 14.
Nxd4 exd4 15. Bxd4 Qa5+ 16. Kf2 Bxd4+ 17. Qxd4 O-O 18.
Bd3 Rac8 19. Rhd1 Rc7 20. a3 Rfc8 21. Qb4 Qc5+ 22. Qxc5 Nxc5 23. Ke3 Nb3 24. Rab1 b5 25. Be2 f6 26. Re1 Kf7 27. h4 h6 28. Bd1 Na5 29. Kd3 Nc4 30. f4 g5 31. hxg5 hxg5 32. Bh5+ Kg7 33. g3 Rh8 34. Rh1 Kf8 35. fxg5 fxg5 36.
Rhf1+ Kg7 37. g4 Ne5+ 38. Kd2 Rhc8 39. Rf5 Rc2+ 40. Ke3 Nc4+ 41. Kd3 Ne5+ 42. Ke3 Nc4+ 43. Kd3 Nxb2+ 44. Rxb2 Rxb2 45. Rxg5+ Kf6 46. Rg6+ Ke5 47. Re6+ Kf4 48. Rf6+ Kg3 49. Rxd6 Rb3+ 50. Kd4 Rxa3 51. Rc6 Rd8 52. d6 b4 53. e5 b3 54. Rb6 a5 55.
e6 a4 56. e7 Rh8 57. d7 Ra1 58. e8=Q Rd1+ 59. Kc3 1-0

[Event "Late-Titled-Tuesday-Blitz-April-30-2024"]
[Site "Chess.com"]
[Date "2024.04.30"]
[Round "4"]
[White "SVijayalakshmi"]
[Black "IlanSchnaider"]
[Result "0-1"]
[WhiteElo "2555"]
[BlackElo "2742"]
[TimeControl "180+1"]
[EndTime "14:41:42 PDT"]
[Termination "IlanSchnaider won by resignation"]

1. d4 Nf6 2. c4 g6 3. Nc3 d5 4.
Bf4 Bg7 5. Nf3 dxc4 6. e3 c5 7. Bxc4 cxd4 8. exd4 O-O 9. O-O Bg4 10. h3 Bxf3 11.
Qxf3 Qxd4 12. Bb3 Nc6 13. Rad1 Qb6 14. Be3 Qa6 15. Bc5 Rfe8 16. Rfe1 e6 17. Ne4 Nxe4 18. Rxe4 Na5 19. Rd7 f5 20. Bd4 Bf8 21. Qf4 Nxb3 22. axb3 Qb5 23. Rc7 Rac8 24. Rxe6 Rxc7 25. Rxe8 Qxe8 26.
Qxc7 Qe1+ 27. Kh2 Qe6 28. Qc4 Bd6+ 29. g3 Qxc4 30. bxc4 b6 31. Kg2 Kf7 32. Kf3 Ke6 33. Ke3 Bb4 34. Kd3 Kd6 35. Be3 Be1 36. Kd4 Bb4 37. Bf4+ Ke6 38. b3 Bc5+ 39. Kd3 Bxf2 40. b4 Be1 41. b5 Bf2 42. Ke2 Bc5 43. Bb8 Kd7 44. Kf3 Kc8 45. Be5 Kb7 46. Kf4 a6 47. bxa6+ Kxa6 48. Kg5 Be3+ 49. Kf6 Ka5 50. Kg7 g5 51.
Kxh7 f4 52. gxf4 gxf4 53. Kg6 f3 54. Bg3 f2 55. Bxf2 Bxf2 56. Kf5 Kb4 57. Ke4 Kxc4 58.
Kf3 Bh4 59. Ke2 Kc3 60. Kd1 Kb2 61. Kd2 b5 62. Kd3 b4 0-1

[Event "Late-Titled-Tuesday-Blitz-April-30-2024"]
[Site "Chess.com"]
[Date "2024.04.30"]
[Round "4"]
[White "Evan_Attaker"]
[Black "Boninknights"]
[Result "0-1"]
[WhiteElo "2630"]
[BlackElo "2371"]
[TimeControl "180+1"]
[EndTime "14:41:42 PDT"]
[Termination "Boninknights won on time"]

1. Nf3 Nf6 2. c4 g6 3. b3 Bg7 4. Bb2 c5 5. e3 O-O 6. Be2 b6 7.
d3 Bb7 8. a3 Nc6 9. Nbd2 d5 10.
cxd5 Qxd5 11. Qc2 Rac8 12. Rc1 Rfd8 13. O-O e5 14. Qb1 h6 15. Qa1 Re8 16. Rfd1 Qe6 17. Nc4 Nd5 18. Bf1 f6 19. Ncd2 Na5 20. Qb1 Ne7 21. Be2 Nxb3 22. Nxb3 Qxb3 23. d4 cxd4 24. exd4 e4 25. Nd2 Qe6 26. Nf1 f5 27. d5 Nxd5 28. Bxg7 Kxg7 29. Bc4 Qe5 30. Bxd5 Bxd5 31. Rxc8 Rxc8 32.
Qb5 Rc5 33. Qd7+ Bf7 34. Qxa7 Qf6 35. h3 f4 36. Rb1 e3 37. fxe3 f3 38. Qxb6 f2+ 39.
Kh2 Qxb6 40. Rxb6 Rc1 41. Ng3 h5 42. h4 f1=Q 43. Nxf1 Rxf1 44. a4 Re1 45. a5 Rxe3 46.
a6 Ra3 47. Kg1 Bc4 48. Rb7+ Kh6 49. a7 Ra2 50. Kh1 Bd5 51. Rd7 Bxg2+ 52. Kg1 Be4 53. Re7 Bf5 54. Rc7 g5 55. Rc6+ Kg7 56.
Rc7+ Kf6 57. Rc6+ Ke5 58. Rc5+ Kf4 59. Rc4+ Be4 60. hxg5 h4 61. g6 h3 0-1

[Event "Late-Titled-Tuesday-Blitz-April-30-2024"]
[Site "Chess.com"]
[Date "2024.04.30"]
[Round "4"]
[White "1800_strength"]
[Black "anasta10"]
[Result "0-1"]
[WhiteElo "2797"]
[BlackElo "2611"]
[TimeControl "180+1"]
[EndTime "14:41:44 PDT"]
[Termination "anasta10 won by resignation"]

1. g4 d5 2. Bg2 c6 3. g5 e5 4. d4 e4 5. f3 Be7 6. h4 h6 7. fxe4 hxg5 8. exd5 cxd5 9. c4 Rxh4 10.
cxd5 Qd6 11. Qc2 Na6 12. Rxh4 gxh4 13. Nc3 Qg3+ 14. Kf1 h3 15. e4 Nb4 16. Qf2 hxg2+ 17.
Qxg2 Qxg2+ 18. Kxg2 Nc2 19. Rb1 Bd7 20. Nge2 Nb4 21. a3 Na6 22. Bf4 f6 23. b4 Rc8 24.
Kf3 Bd8 25. Rg1 Kf8 26. Bd6+ Be7 27. Bf4 Be8 28. e5 Bh5+ 29. Ke3 Re8 30. Kd2 Bd8 31. e6 g5 32. Bd6+ Kg7 33. Ng3 Bg6 34. Rh1 Nh6 35. Nce4 Bb6 36. Bc5 Bxc5 37. bxc5 Nc7 38. Nd6 Ra8 39.
Nxb7 Nxd5 40. Nd6 Nc7 41. Re1 Ng4 42. e7 Ne8 43. d5 Nxd6 44. cxd6 Be8 45. Rc1 Bd7 46.
Rc7 Ne5 47. Ne4 Kf7 48. Kc3 a5 49. Nc5 Bb5 50. Ne6 Bd7 51. Nc5 Bb5 52. a4 Be8 53. d7 Bxd7 54. Nxd7 Kxe7 55. Nxe5+ Kd6 56. Rd7+ Kxe5 57. Kc4 g4 58. Re7+ Kf4 59. d6 f5 60. d7 Rd8 61. Kd5 g3 62. Kd6 Kf3 63. Re8 Rxd7+ 64. Kxd7 f4 65. Rf8 g2 66. Rg8 Kf2 67.
Kd6 f3 0-1

[Event "Late-Titled-Tuesday-Blitz-April-30-2024"]
[Site "Chess.com"]
[Date "2024.04.30"]
[Round "4"]
[White "AlexSuv"]
[Black "carokannlover213"]
[Result "1-0"]
[WhiteElo "2579"]
[BlackElo "2768"]
[TimeControl "180+1"]
[EndTime "14:41:44 PDT"]
[Termination "AlexSuv won by checkmate"]

1. e4 e6 2. Qe2 d5 3. d3 Nf6 4.
Nf3 Nc6 5. g3 dxe4 6. dxe4 e5 7.
Bg2 Bg4 8. c3 Bc5 9. O-O O-O 10.
h3 Bd7 11. b4 Bd6 12. Nbd2 a5 13. b5 Na7 14. a4 Be6 15. Nc4 Bxc4 16. Qxc4 Nc8 17. Rd1 Qe7 18. Nh4 g6 19. Qe2 Nd7 20. Nf3 Ncb6 21. h4 f6 22. Bh3 Nc5 23. Nh2 h5 24.
Nf1 Qf7 25. Qc2 Qb3 26. Qxb3+ Nxb3 27. Be6+ Kg7 28. Bxb3 f5 29. Be3 Nd7 30. Bd5 Rab8 31. exf5 gxf5 32. Bg5 f4 33. gxf4 exf4 34. Nd2 Nf6 35.
Nf3 Nh7 36. Re1 Rfe8 37. Re4 Rxe4 38. Bxe4 Nf6 39. Bxf6+ Kxf6 40. Bd5 b6 41. Re1 Rd8 42. Re6+ Kf5 43. c4 Bc5 44. Rh6 Kg4 45. Rg6+ Kf5 46. Rg5+ Kf6 47. Rxh5 Re8 48. Rh6+ Kf5 49. Rh5+ Kf6 50.
Ng5 Re1+ 51. Kg2 Bb4 52. Ne4+ Kg7 53. Rg5+ Kf8 54. h5 Ra1 55. h6 f3+ 56. Kh2 Ba3 57. h7 Bb2 58. Rg8+ Ke7 59. h8=Q Bxh8 60. Rxh8 Kd7 61.
Rh7+ Kd8 62. Nf6 Rf1 63. Rd7+ Kc8 64. Kg3 Ra1 65. Bc6 Re1 66. Rf7 Kd8 67. Rf8+ Ke7 68. Re8+ Kxf6 69. Rxe1 Kf5 70. Re3 Kf6 71. Rxf3+ Ke6 72. Re3+ Kd6 73. f4 Kc5 74. f5 Kb4 75. f6 Kc5 76. f7 Kb4 77. f8=Q+ Kxc4 78. Qf4+ Kc5 79. Rc3# 1-0

[Event "Late-Titled-Tuesday-Blitz-April-30-2024"]
[Site "Chess.com"]
[Date "2024.04.30"]
[Round "4"]
[White "NLLO777"]
[Black "GlavkonVVS"]
[Result "1-0"]
[WhiteElo "2554"]
[BlackElo "2698"]
[TimeControl "180+1"]
[EndTime "14:41:44 PDT"]
[Termination "NLLO777 won by resignation"]

1. d4 Nf6 2. Nf3 c5 3. d5 e6 4.
c4 exd5 5. cxd5 d6 6. Nc3 g6 7. e4 Bg7 8. h3 O-O 9. Be2 b5 10. Bxb5 Nxe4 11. Nxe4 Qa5+ 12. Nc3 Bxc3+ 13. bxc3 Qxb5 14. Be3 Ba6 15. Nd2 Qd3 16. Nb1 Qe4 17.
Qf3 Qxf3 18. gxf3 Bc4 19. Bf4 Rd8 20. Na3 Bxd5 21. Nb5 Bxf3 22. O-O Be2 23. Rfb1 Bxb5 24. Rxb5 Nc6 25. Rd1 a6 26. Rb6 Ne7 27. Bg5 Rd7 28. Rbxd6 Rxd6 29. Rxd6 Nf5 30. Rc6 h6 31. Bf6 g5 32. Rxc5 Nh4 33. Rc6 Kh7 34. a4 a5 35.
c4 Rb8 36. c5 Rb4 37. Rc7 Kg6 38.
Bc3 Rxa4 39. c6 Nf5 40. Rc8 Rc4 41. Bxa5 Nd4 42. c7 Kh5 43. Rd8 Nf3+ 44. Kg2 Nh4+ 45. Kf1 Rc1+ 46. Ke2 Nf5 47. c8=Q Nd4+ 48. Kd3 Rxc8 49.
Rxc8 Ne6 50. Ke3 f5 51. Rc6 f4+ 52. Ke4 Nf8 53. Bc3 Ng6 54. Kf5 Nh4+ 55. Kf6 Nf3 56.
Kg7 g4 57. Rxh6+ Kg5 58. hxg4 Kxg4 59. Rg6+ Kf5 60. Rf6+ Ke4 61. Bb2 Nh2 62. Bc1 f3 63. Rf4+ Kd3 64. Kf6 Ke2 65. Be3 Nf1 66. Ke5 Nxe3 67.
fxe3 f2 68. Rxf2+ Kxf2 69. Kf4 Ke2 70. e4 Kd3 71. e5 Kd4 72. Kf5 Kd5 73. e6 Kd6 74. Kf6 Kc7 75. Kf7 Kd8 76. e7+ Kc7 77. e8=Q 1-0

[Event "Late-Titled-Tuesday-Blitz-April-30-2024"]
[Site "Chess.com"]
[Date "2024.04.30"]
[Round "4"]
[White "english_player_89"]
[Black "ArtemDyachuk"]
[Result "1-0"]
[WhiteElo "2542"]
[BlackElo "2689"]
[TimeControl "180+1"]
[EndTime "14:41:45 PDT"]
[Termination "english_player_89 won on time"]

1. e4 e5 2. Nf3 Nc6 3. Bc4 Nf6 4. d3 Bc5 5. Nbd2 d6 6. c3 a6 7. Bb3 Ba7 8. h3 h6 9. Qe2 Qe7 10. Nf1 Be6 11. Ng3 O-O 12. Nh4 Kh7 13. Ngf5 Qd7 14. g4 Ng8 15. g5 g6 16. Nxh6 Nxh6 17. gxh6 Rad8 18. Nf3 f6 19. Bd2 d5 20. O-O-O dxe4 21. dxe4 Bxb3 22. axb3 Na5 23. Kc2 Qe6 24. c4 Nc6 25.
Bc3 Bd4 26. h4 a5 27. h5 g5 28. Nh2 a4 29. bxa4 Bxc3 30. bxc3 Na5 31. Rd5 Rxd5 32. cxd5 Qd7 33. Qb5 Qxb5 34. axb5 Nc4 35. Ng4 Nd6 36. f3 Nxb5 37. Rb1 Nd6 38. Kd3 b6 39.
Ra1 f5 40. Nxe5 Re8 41. Nf7 fxe4+ 42. fxe4 Nxe4 43. Ra7 Re7 44. d6 Rxf7 45. Kxe4 Kxh6 46. dxc7 Re7+ 47. Kd5 Re8 48. Kd6 g4 49. Kd7 Rg8 50.
c8=Q Rxc8 51. Kxc8 g3 52. Ra1 Kxh5 53. Kb7 b5 54.
Kb6 Kg4 55. Kxb5 Kf3 56. c4 Ke4 57. c5 g2 58. Rg1 Kf3 59. c6 Kf2 60. Rxg2+ Kxg2 61. c7 1-0

[Event "Late-Titled-Tuesday-Blitz-April-30-2024"]
[Site "Chess.com"]
[Date "2024.04.30"]
[Round "4"]
[White "Caterpiller35"]
[Black "youngdinousaur"]
[Result "0-1"]
[WhiteElo "2487"]
[BlackElo "2250"]
[TimeControl "180+1"]
[EndTime "14:41:48 PDT"]
[Termination "youngdinousaur won on time"]

1. e4 c5 2. Nf3 e6 3. d4 cxd4 4. Nxd4 Nf6 5. Nc3 Nc6 6. Ndb5 d6 7. Bf4 e5 8. Bg5 a6 9. Na3 b5 10. Nd5 Be7 11. Bxf6 Bxf6 12. c4 b4 13. Nc2 a5 14.
Qf3 Bg5 15. g3 O-O 16. h4 Bh6 17. Bh3 Ne7 18. Bxc8 Rxc8 19. Nxe7+ Qxe7 20. b3 Qe6 21. g4 Bf4 22. Rd1 g6 23. h5 Rc7 24. Rd5 Rc5 25. Ke2 Rxd5 26. exd5 Qf6 27. Ne1 Qg7 28. Ng2 Bh6 29.
Ne3 Bxe3 30. Qxe3 f5 31. gxf5 gxf5 32. h6 Qg4+ 33. Kd2 f4 34. Qh3 Qxh3 35. Rxh3 Rf6 36. Kd3 Kf7 37. c5 dxc5 38. Ke4 a4 39. Kxe5 axb3 40.
axb3 f3 41. d6 c4 42. bxc4 b3 43. Rh1 Re6+ 44. Kd5 Re2 45. Rd1 b2 46. Kc6 Rc2 47. d7 Rxc4+ 48. Kd5 Rc1 49. Rd3 b1=Q 50. Rxf3+ Kg6 51.
Rg3+ Kxh6 52. d8=Q Rd1+ 53. Ke6 Rxd8 54. Kf6 Qg6+ 55.
Rxg6+ hxg6 0-1

[Event "Late-Titled-Tuesday-Blitz-April-30-2024"]
[Site "Chess.com"]
[Date "2024.04.30"]
[Round "4"]
[White "SHIVACalypso"]
[Black "egnfanclub"]
[Result "1-0"]
[WhiteElo "2524"]
[BlackElo "2365"]
[TimeControl "180+1"]
[EndTime "14:41:50 PDT"]
[Termination "SHIVACalypso won by resignation"]

1. Nf3 Nf6 2. c4 c5 3. g3 d5 4.
cxd5 Nxd5 5. Bg2 Nc6 6. Nc3 Nc7 7. O-O e5 8. d3 Be7 9. Be3 O-O 10. Rc1 f6 11. Nd2 Nd4 12. f4 Rb8 13. Nf3 exf4 14. gxf4 b6 15. Ne4 Nd5 16. Bxd4 cxd4 17. Nxd4 Ne3 18. Qb3+ Kh8 19. Nc6 Qc7 20. Nxb8 Qxb8 21. Rf3 Nf5 22. Qd5 g6 23. Ng3 Bb7 24. Qe6 Bc5+ 25.
Kh1 Nd4 26. Qg4 Nxf3 27. Bxf3 Be3 28. Rc4 Bxf3+ 29. Qxf3 Bc5 30. Ne4 Be7 31. Rc6 Rc8 32.
Rxc8+ Qxc8 33. f5 Qxf5 34. Qxf5 gxf5 35. Ng3 f4 36. Nh5 Bd6 37. Nxf6 Be5 38. Nh5 Bxb2 39.
Nxf4 Kg7 40. Kg2 Kf6 41. Kf3 b5 42. Ke4 a5 43. Nd5+ Kg5 44. Nc7 b4 45. d4 a4 46.
Nb5 b3 47. axb3 axb3 48. Kd3 Kf4 49. e3+ Kf3 50. e4 Bc1 51. e5 b2 52. Nc3 Bf4 53. e6 Bd6 54. Kc4 Ke3 55. Nb1 h5 56. Kd5 Be7 57. Ke5 Kd3 58. d5 Kc2 59. d6 Bxd6+ 60. Kxd6 Kxb1 61. e7 Kc2 62. e8=Q b1=Q 63. Qg6+ Kc1 64.
Qxb1+ Kxb1 65. Ke5 Kc2 66. Kf5 h4 67. Kg4 h3 68.
Kxh3 Kd3 69. Kg4 Ke4 70. h4 Ke5 71. Kg5 Ke6 72. Kg6 Ke7 73. Kg7 Ke6 74. h5 Kf5 75. h6 1-0